 Dungeon Crawl Stone Soup version 0.31-a0-435-g2c6fae2916 (webtiles) character file.

Game seed: 7572667650952849924

7524 Newt the Carver (level 11, -1/86 HPs)
             Began as a Barachi Fighter on Aug 1, 2023.
             Was a High Priest of Okawaru.
             Killed by divine providence
             ... invoked by an orc priest
              (14 damage)
             ... on level 9 of the Dungeon.
             The game lasted 00:09:17 (8842 turns).

Newt the Carver (Barachi Fighter)                   Turns: 8842, Time: 00:09:17

Health: -1/86      AC: 15    Str: 21    XL:     11   Next: 16%
Magic:  10/11      EV: 13    Int:  8    God:    Okawaru [*****.]
Gold:   529        SH: 13    Dex: 13    Spells: 10/10 levels left

rFire   + . .        g - +4 scimitar of Quick Death {flame, rN+}
rCold   . . .        c - +1 buckler
rNeg    + + +        G - +3 ring mail {rF+}
rPois   .            K - +2 hat {Stlth+}
rElec   .            (no cloak)
rCorr   .            (no gloves)
SInv    .            m - +0 pair of boots
Will    .....        E - amulet of reflection
Stlth   +++          h - ring of positive energy
HPRegen 0.34/turn    l - ring of positive energy
MPRegen 0.12/turn

%: reflection
@: heroic, marked, slow
A: amphibious, slowness 1, strong legs 1, +LOS
a: Hop, Renounce Religion, Heroism, Finesse, Duel


You were on level 9 of the Dungeon.
You worshipped Okawaru.
Okawaru was extremely pleased with you.
You visited 2 branches of the dungeon, and saw 10 of its levels.
You also visited: Bailey.

You collected 529 gold pieces.

Inventory:

Hand Weapons
 a - a +0 long sword
 g - the +4 scimitar of Quick Death (weapon) {flame, rN+}
   (You acquired it on level 2 of the Dungeon)

   rN:        It protects you from negative energy.
 N - a +2 long sword of protection
 P - a +5 falchion
Missiles
 y - 6 boomerangs
 B - 2 poisoned darts
Armour
 b - a +0 scale mail
 c - a +1 buckler (worn)
 d - a +1 chain mail of willpower
 f - +0 ice dragon scales
 m - a +0 pair of boots (worn)
 o - a +0 helmet
 G - a +3 ring mail of fire resistance (worn)
 K - a +2 hat of stealth (worn)
Jewellery
 h - a ring of positive energy (left hand)
 l - a ring of positive energy (right hand)
 s - an amulet of the acrobat
 x - an amulet of regeneration
 E - an amulet of reflection (around neck)
 I - an amulet of faith
 O - a ring of positive energy
Wands
 H - a wand of flame (15)
Scrolls
 k - a scroll of silence
 p - 3 scrolls of teleportation
 q - a scroll of brand weapon {unknown}
 u - 2 scrolls of revelation {unknown}
 w - a scroll of fear {unknown}
 C - a scroll of blinking {unknown}
 D - a scroll of enchant armour
 J - 2 scrolls of noise
 L - a scroll of identify
 M - a scroll of acquirement
Potions
 e - 3 potions of heal wounds
 i - 3 potions of curing {unknown}
 j - 3 potions of cancellation {unknown}
 n - a potion of brilliance
 r - 3 potions of resistance {unknown}
 t - a potion of invisibility
 v - 2 potions of degeneration {unknown}
 z - 2 potions of magic {unknown}
 A - 2 potions of mutation {unknown}
 F - 3 potions of might


   Skills:
 - Level 8.0(13.0) Fighting
 + Level 13.6(18.6) Long Blades
 - Level 12.0(17.0) Armour
 - Level 7.0(12.0) Shields


You had 10 spell levels left.
You didn't know any spells.
Your spell library contained the following spells:

 Spells                   Type           Power      Damage    Failure   Level
 Shock                    Conj/Air       0%         1d3       56%         1
 Sting                    Tmut/Pois      0%         1d3       56%         1
 Cigotuvi's Dreadful Rot  Necr/Pois/Air  0%         N/A       71%         2
 Lesser Beckoning         Tloc           0%         N/A       71%         2
 Poisonous Vapours        Pois/Air       0%         N/A       71%         2
 Gell's Gravitas          Tloc           0%         N/A       90%         3
 Hailstorm                Conj/Ice       0%         3d3       90%         3
 Ignite Poison            Fire/Tmut/Pois 0%         N/A       90%         3
 Swiftness                Air            0%         N/A       90%         3
 Teleport Other           Tloc           0%         N/A       90%         3
 Airstrike                Air            0%         2d(0-16)  100%        4
 Anguish                  Hex/Necr       0%         N/A       100%        4
 Cause Fear               Hex            0%         N/A       100%        4
 Olgreb's Toxic Radiance  Pois           0%         N/A       100%        4
 Freezing Cloud           Conj/Ice/Air   0%         6-21      100%        5
 Enfeeble                 Hex            0%         N/A       100%        7
 Summon Ice Beast         Ice/Summ       Unusable   N/A       N/A         4
 Simulacrum               Ice/Necr       Unusable   N/A       N/A         6

Dungeon Overview and Level Annotations

Branches:
Dungeon (9/15)             Temple (1/1) D:6          Bailey (visited)
   Lair: D:8-11         Orc: D:9-12

Altars:
Ashenzari
Cheibriados
Elyvilon
Fedhas
Gozag
Hepliaklqana
Kikubaaqudgha
Makhleb
Nemelex Xobeh
Okawaru
Qazlal
Ru
Trog
Uskayaw
Vehumet
Wu Jian
Xom
Yredelemnul
The Shining One


Innate Abilities, Weirdness & Mutations

You are amphibious.
You cover ground slowly.
You can hop short distances.
You have an extended range of vision and can be seen from far away.


Message History

The orc priest calls upon Beogh to heal the orc warrior.
You block the yak's attack.
The orc warrior hits you with a +0 mace.
You hit the yak but do no damage. You slash the yak! You burn the yak.
The yak is heavily wounded.
You block the yak's attack. You block the orc warrior's attack.
Unknown command.
You hit the yak. You burn the yak.
The yak is severely wounded.
A yak comes into view.
The yak closely misses you.
The orc warrior hits you but does no damage.
Unknown command.
You hit the yak but do no damage.
The yak is severely wounded.
Unknown command.
You slash the yak! You burn the yak.
The yak is almost dead.
The orc priest calls down the wrath of Beogh upon you.
Beogh smites you!
* * * LOW HITPOINT WARNING * * *
The orc wizard gestures wildly while chanting.
The orc wizard flickers and vanishes!
You block the yak's attack.
The orc warrior hits you with a +0 mace!
* * * LOW HITPOINT WARNING * * *
You slash the yak! You burn the yak.
You kill the yak!
Okawaru accepts your kill. You block the orc warrior's attack.
Unknown command.
You slash the yak! You burn the yak.
The yak is moderately wounded.
Unknown command.
You slice the yak!! You burn the yak!
You kill the yak!
Okawaru accepts your kill.
The orc priest mumbles some strange prayers to Beogh against you.
Beogh smites you!
You die...

_+.# # # #.# ####
.##..# #.# ..###.....#
#.# ..........# #.#
.......#..# #.#
...##..#..# #.# ...#
.#..# #.# ...##..#..#
#†# ...##..#..# #@# #
...##..#..######o# .#
...##..#.......Y{##..#
|..##..#.......{o{...#
...##..#...####.o...!#
<..##..#...# #....!.#
...##......# #..##.K#
...##......# #..# .K..
...##..#...# #..#
..o...


You could see a yak, an orc warrior, an orc priest and an orc.

Vanquished Creatures
  Gastronok (D:8)
  Harold (D:9)
  A two-headed ogre (D:8)
  Pikel (D:6)
  A cyclops (D:9)
  A gargoyle (Bailey)
  Prince Ribbit (D:8)
  A wraith (D:9)
  2 yaks (D:9)
  A vampire (Bailey)
  Menkaure (D:4)
  Edmund (D:4)
  An ice beast (D:7)
  An orc warrior (D:8)
  2 black bears (D:7)
  2 sky beasts
  An ogre (D:6)
  A centaur (D:8)
  A phantom (D:6)
  4 scorpions
  4 bullfrogs
  5 wights (D:9)
  3 killer bees (D:7)
  3 howler monkeys
  8 vampire bats (Bailey)
  7 wolf zombies (Bailey)
  4 jellies
  3 orc priests
  3 hounds
  3 iguanas (D:5)
  Jessica (D:2)
  A sleepcap (D:5)
  6 orc wizards
  A mummy (D:4)
  6 gnolls
  15 adders
  3 white imps
  A worm (D:3)
  2 dart slugs
  27 orcs
  5 ball pythons
  4 bats
  6 endoplasms
  2 giant cockroaches
  7 hobgoblins
  13 jackals
  10 kobolds
  7 quokkas
  A frilled lizard (D:2)
  13 goblins
  2 hobgoblin zombies (D:4)
  24 orc zombies
  6 rats
232 creatures vanquished.

Notes
Turn   | Place    | Note
-------+----------+-------------------------------------------
     0 | D:1      | Newt the Barachi Fighter began the quest for the Orb.
     0 | D:1      | Reached XP level 1. HP: 18/18 MP: 1/1
   160 | D:1      | Reached XP level 2. HP: 25/25 MP: 2/2
   465 | D:1      | Reached skill level 5 in Fighting
   465 | D:1      | Reached XP level 3. HP: 32/33 MP: 3/3
   691 | D:1      | Found a faded altar of an unknown god.
  1001 | D:2      | Identified a scroll of acquirement
  1001 | D:2      | Acquired the +4 scimitar of Quick Death {flame, rN+}
  1080 | D:2      | Reached skill level 3 in Long Blades
  1185 | D:2      | Noticed Jessica
  1198 | D:2      | Killed Jessica
  1199 | D:2      | Reached skill level 4 in Long Blades
  1199 | D:2      | Reached XP level 4. HP: 25/39 MP: 4/4
  1828 | D:3      | Reached skill level 5 in Long Blades
  1828 | D:3      | Reached XP level 5. HP: 44/44 MP: 5/5
  1829 | D:3      | You fall into a shaft and drop 3 floors!
  1889 | D:6      | Reached skill level 6 in Long Blades
  1889 | D:6      | Reached XP level 6. HP: 49/51 MP: 6/6
  1965 | D:6      | Found a sparkling altar of Nemelex Xobeh.
  1968 | D:6      | Reached skill level 5 in Armour
  1977 | D:6      | Found a staircase to the Ecumenical Temple.
  1986 | Temple   | Entered the Ecumenical Temple
  2010 | Temple   | Became a worshipper of Warmaster Okawaru
  2077 | D:6      | Reached XP level 7. HP: 48/56 MP: 7/7
  2147 | D:6      | Reached skill level 5 in Shields
  2502 | D:5      | Entered Level 5 of the Dungeon
  2576 | D:5      | Reached * piety under Okawaru
  2593 | D:5      | Found a glowing golden altar of the Shining One.
  2927 | D:4      | Reached XP level 8. HP: 61/62 MP: 8/8
  3092 | D:3      | Found a bloodstained altar of Trog.
  3442 | D:3      | Found an ornate altar of the Wu Jian Council.
  3803 | D:4      | Noticed Edmund
  3817 | D:4      | Killed Edmund
  3818 | D:4      | Reached skill level 7 in Long Blades
  3897 | D:4      | Noticed Menkaure
  3907 | D:4      | Killed Menkaure
  3907 | D:4      | Reached ** piety under Okawaru
  3908 | D:4      | Reached skill level 8 in Long Blades
  4071 | D:4      | Found a basalt altar of Yredelemnul.
  4662 | D:5      | Reached skill level 9 in Long Blades
  4897 | D:6      | Noticed Pikel
  4910 | D:6      | Killed Pikel
  4910 | D:6      | Reached *** piety under Okawaru
  4911 | D:6      | Reached skill level 10 in Long Blades
  4911 | D:6      | Reached XP level 9. HP: 53/68 MP: 9/9
  5685 | D:7      | Reached **** piety under Okawaru
  5699 | D:7      | Found a flagged portal.
  5707 | Bailey   | Entered a bailey
  5750 | Bailey   | Reached skill level 10 in Armour
  6184 | Bailey   | Reached XP level 10. HP: 74/74 MP: 10/10
  6302 | Bailey   | Noticed a gargoyle
  6313 | Bailey   | Killed a gargoyle
  6861 | D:7      | Found a hazy altar of Hepliaklqana.
  7395 | D:8      | Noticed Prince Ribbit
  7403 | D:8      | Killed Prince Ribbit
  7411 | D:8      | Noticed Gastronok
  7445 | D:8      | Killed Gastronok
  7445 | D:8      | Reached ***** piety under Okawaru
  7446 | D:8      | Reached skill level 11 in Long Blades
  8023 | D:8      | Found an opulent altar of Gozag.
  8317 | D:9      | Found a blossoming altar of Fedhas.
  8339 | D:9      | Noticed a two-headed ogre
  8340 | D:9      | Noticed a cyclops
  8359 | D:8      | Killed a two-headed ogre
  8359 | D:8      | Received a gift from Okawaru
  8360 | D:8      | Reached skill level 12 in Long Blades
  8697 | D:9      | Killed a cyclops
  8698 | D:9      | Reached skill level 13 in Long Blades
  8698 | D:9      | Reached XP level 11. HP: 58/86 MP: 11/11
  8803 | D:9      | Noticed Harold
  8826 | D:9      | Killed Harold
  8842 | D:9      | Killed from afar by an orc priest

Illustrated notes

Levels and vault maps discovered:
D:1:      elethiomel_arrival_maze, layout_basic,
          shapermc_ecumenical_altar_mp_vishouse, item_on_display_a
D:2:      layout_loops_ring, uniq_jessica
D:3:      wander_river, layout_loops_ring, nicolae_wu_jian_immortal_techniques,
          old_standard_altar, kennysheep_generic_room_8
D:4:      layout_rooms, mainiacjoe_overflow_six_doors_small,
          minmay_mini_ossuary, uniq_menkaure, uniq_edmund
D:5:      layout_basic, tso_altar
D:6:      layout_cave_pods, nemelex_xobeh_ov_fountains_minmay,
          minmay_temple_entry_gardened_gates, uniq_pikel
D:7:      layout_loops_ring, nicolae_hepliaklqana_hippocampus, enter_bailey_3
D:8:      layout_basic, lemuel_coloured_pillars_altar, serial_corexii_hall,
          chequers_hall_statues_y, corexii_hall_statues_i, uniq_gastronok,
          uniq_prince_ribbit1
D:9:      layout_long_grid, kennysheep_mini, nicolae_overflow_crystal_walls,
          uniq_harold
Temple:   minmay_temple_curvy_loop

Skill      XL: |  1  2  3  4  5  6  7  8  9 10 |
---------------+-------------------------------+-----
Fighting       | 4 5 8 |  8.0
Long Blades    | 4 5 6 10 13 | 13.6
Armour         | 4 6 7 11 12 | 12.0
Shields        | 6 7 |  7.0

Action                     |  1- 3 |  4- 6 |  7- 9 | 10-12 || total
---------------------------+-------+-------+-------+-------++-------
  Melee: Long sword        |    62 |       |       |       ||    62
         Scimitar          |    43 |    71 |   400 |   214 ||   728
 Invoke: Heroism           |       |       |       |     1 ||     1
Ability: Hop               |     1 |       |       |       ||     1
    Use: Scroll            |     5 |     1 |     4 |     1 ||    11
         Potion            |       |       |     2 |     2 ||     4
   Stab: Held in net/web   |       |       |       |     2 ||     2
 Armour: Scale mail        |    48 |    35 |   209 |    12 ||   304
         Ring mail         |       |       |       |    73 ||    73
  Dodge: Dodged            |    38 |    34 |   176 |    46 ||   294
  Block: Buckler           |    29 |    23 |   148 |    81 ||   281
         Reflection        |       |       |       |     2 ||     2

Table legend: (Time is in decaauts)
 A = Elapsed time spent in this place.
 B = Non-inter-level travel time spent in this place.
 C = Inter-level travel time spent in this place.
 D = Time resting spent in this place.
 E = Time spent auto-exploring this place.
 F = Levels seen in this place.
 G = Mean time per level.
                   A        B        C        D        E       F      G
               +--------+--------+--------+--------+--------+-----+--------+
         Total |  10035 |   9229 |    806 |   1057 |   6333 |  11 |  912.3 |
       Dungeon |   9229 |   8478 |    751 |    871 |   6087 |   9 | 1025.4 |
        Temple |     56 |      1 |     55 |      0 |      0 |   1 |   56.0 |
        Bailey |    749 |    749 |      0 |    186 |    246 |   1 |  749.0 |
               +--------+--------+--------+--------+--------+-----+--------+

Top non-repeatable levels by time:
     D:7: 1417 daAuts
     D:8: 1359 daAuts
     D:6: 1238 daAuts
     D:5: 1220 daAuts
     D:1: 1076 daAuts
     D:2: 948 daAuts
     D:3: 821 daAuts
     D:4: 811 daAuts
  Bailey: 749 daAuts
     D:9: 335 daAuts
  Temple: 56 daAuts
